 Dungeon Crawl Stone Soup version 0.20.1-1-g8b1a95d (webtiles) character file.

117 kaze the Skirmisher (level 5, -1/47 HPs)
             Began as a Hill Orc Fighter on Sept 15, 2017.
             Slain by a gnoll
             ... wielding a +0 spear
              (4 damage)
             ... on level 2 of the Dungeon.
             The game lasted 00:02:26 (1452 turns).

kaze the Skirmisher (Hill Orc Fighter)              Turns: 1452, Time: 00:02:27

Health: -1/47      AC:  8    Str: 20    XL:     5   Next: 1%
Magic:  5/5        EV:  4    Int:  8    God:
Gold:   162        SH:  9    Dex: 10    Spells: 4/4 levels left

rFire    . . .     SeeInvis .   a - +1 war axe
rCold    . . .     Gourm    .   c - +0 shield
rNeg     . . .     Faith    .   b - +0 scale mail
rPois    .         Spirit   .   (no helmet)
rElec    .         Reflect  .   i - +0 cloak
rCorr    .         Harm     .   (no gloves)
MR       .....                  (no boots)
Stlth    ..........             (no amulet)
Regen    0.2/turn               e - ring of flight
MPRegen  0.1/turn               s - -3 ring of evasion (curse)

@: no status effects
A: no striking features
a: Evoke Flight


You were on level 2 of the Dungeon.
You were hungry.

You visited 1 branch of the dungeon, and saw 2 of its levels.

You collected 162 gold pieces.

Inventory:

Hand Weapons
 a - a +1 war axe (weapon)
Armour
 b - a +0 scale mail (worn)
 c - a +0 shield (worn)
 i - a +0 cloak (worn)
Jewellery
 e - a ring of flight (left hand)
 s - a cursed -3 ring of evasion (right hand)
Wands
 q - a wand of polymorph (16/24)
Scrolls
 j - a scroll of recharging {unknown}
 k - a scroll of enchant weapon
 t - 2 scrolls of remove curse {unknown}
 u - a scroll of identify
Potions
 d - a potion of might
 g - a potion of mutation {unknown}
 h - a potion of degeneration {unknown}
 m - a potion of haste {unknown}
 n - a potion of brilliance {unknown}
 o - a potion of curing {unknown}
 r - a potion of lignification {unknown}
Comestibles
 f - 3 bread rations
 l - a royal jelly
 p - 2 fruits


   Skills:
 + Level 4.4 Fighting
 + Level 4.4 Axes
 + Level 3.8 Armour
 + Level 0.4 Dodging
 + Level 4.0 Shields


You had 4 spell levels left.
You didn't know any spells.

Dungeon Overview and Level Annotations

Branches:
Dungeon (2/15)

Altars:
Ashenzari
Dithmenos
Yredelemnul


Message History

The gnoll is severely wounded.
The gnoll hits you but does no damage. The gnoll barely misses you.
The gnoll hits you from afar with a spear.
* * * LOW HITPOINT WARNING * * *
You slash the gnoll!
You kill the gnoll!
You have reached level 5!
You feel stronger. The gnoll hits you but does no damage.
The gnoll hits you but does no damage.
You see here a halberd.
You completely miss the gnoll. The gnoll hits you with a spear.
* * * LOW HITPOINT WARNING * * *
You closely miss the gnoll. The gnoll hits you with a spear.
* * * LOW HITPOINT WARNING * * *
The gnoll barely misses you.
You slash the gnoll!
The gnoll is heavily wounded.
The gnoll hits you with a spear.
You die...

#.# #.##...#.# #.#
#.##.#.#.. #.# #[##.#.###
#.# #.##.#.### #.########
#..(.#....
#.......?##################
########.#.................
#.#†###############. #.#@#
#........... #.#g#
#........... #.#.#
#........... #.#.#
#........... #.#.#
#........... #.#.#
#........... #.#.#
#.........))
#.#.#####...........
#.#...............#.


You could see a gnoll.

Vanquished Creatures
  3 adders (D:2)
  3 gnolls (D:2)
  A worm (D:2)
  A leopard gecko (D:1)
  6 bats
  4 giant cockroaches
  2 gnoll zombies (D:2)
  7 goblins
  8 hobgoblins
  4 jackals (D:2)
  A quokka (D:2)
  3 frilled lizards
  7 kobolds
  9 rats
59 creatures vanquished.

Notes
Turn   | Place    | Note
-------+----------+-------------------------------------------
     0 | D:1      | kaze the Hill Orc Fighter began the quest for the Orb.
     0 | D:1      | Reached XP level 1. HP: 19/19 MP: 1/1
   132 | D:1      | Reached XP level 2. HP: 27/27 MP: 2/2
   243 | D:1      | Found a shattered altar of Ashenzari.
   449 | D:1      | Reached XP level 3. HP: 33/33 MP: 3/3
   827 | D:2      | Reached XP level 4. HP: 41/41 MP: 4/4
   871 | D:2      | Found a shadowy altar of Dithmenos.
  1260 | D:2      | Found a basalt altar of Yredelemnul.
  1448 | D:2      | Reached XP level 5. HP: 6/47 MP: 5/5
  1451 | D:2      | HP: 2/47 [gnoll/spear (2)]
  1452 | D:2      | Slain by a gnoll

Skill      XL: |  1  2  3  4 |
---------------+-------------+-----
Fighting       | 4 |  4.4
Axes           | 3 4 |  4.4
Shields        | 4 |  4.0
Armour         | |  3.8
Dodging        | |  0.4

Action                   |  1- 3 |  4- 6 || total
-------------------------+-------+-------++-------
Melee: War axe           |    80 |    49 ||   129
  Use: Scroll            |     4 |       ||     4
  Eat: Chunk             |       |     1 ||     1
Armor: Scale mail        |    47 |    27 ||    74
Dodge: Dodged            |    20 |     8 ||    28
Block: Shield            |    44 |    19 ||    63
